 Dungeon Crawl Stone Soup version 0.32-a0-350-g4f4d228785 (webtiles) character file.

Game seed: 16907025743062521541

322 Bobbunny the Sneak (level 6, -1/32 HPs)
             Began as a Vine Stalker Enchanter on Feb 18, 2024.
             Was a Follower of Uskayaw.
             Slain by a gnoll sergeant
             ... wielding a +0 trident
              (6 damage)
             ... on level 3 of the Dungeon.
             The game lasted 00:03:43 (3148 turns).

Bobbunny the Sneak (Vine Stalker Enchanter)         Turns: 3148, Time: 00:03:43

Health: -1/32      AC:  3    Str: 10    XL:     6   Next: 47%
Magic:  0/10       EV: 12    Int: 15    God:    Uskayaw [*.....]
Gold:   198        SH:  0    Dex: 17    Spells: 9/9 levels left

rFire   . . .        l - +2 dagger (venom)
rCold   . . .        (no shield)
rNeg    . . .        b - +0 robe
rPois   .            u - +0 helmet
rElec   .            (no cloak)
rCorr   .            (no gloves)
SInv    .            (no boots)
Will    .....        m - amulet of the acrobat
Stlth   +++          (no ring)
HPRegen 1.05/turn    (no ring)
MPRegen 0.12/turn

%: acrobat, guardian spirit
@: no status effects
A: fangs 2, regeneration 1, magic shield, antimagic bite, no potion heal 2
a: Renounce Religion, Stomp


You were on level 3 of the Dungeon.
You worshipped Uskayaw.
Uskayaw was noncommittal.
You visited 1 branch of the dungeon, and saw 4 of its levels.

You collected 240 gold pieces.
You spent 42 gold pieces at shops.

Inventory:

Hand Weapons
 l - a +2 dagger of venom (weapon)
Armour
 b - a +0 robe (worn)
 u - a +0 helmet (worn)
Jewellery
 m - an amulet of the acrobat (around neck)
Scrolls
 a - a scroll of noise {unknown}
 e - a scroll of fog {unknown}
 g - a scroll of poison {unknown}
 i - a scroll of fear {unknown}
 j - 2 scrolls of enchant armour {unknown}
 n - a scroll of immolation {unknown}
 p - 2 scrolls of enchant weapon {unknown}
 q - a scroll of brand weapon {unknown}
 r - a scroll of amnesia {unknown}
 t - a scroll of teleportation {unknown}
 w - a scroll of identify {unknown}
Potions
 c - 2 potions of invisibility
 d - 2 potions of lignification {unknown}
 f - 3 potions of curing
 h - 3 potions of heal wounds {unknown}
 k - a potion of brilliance {unknown}
 o - a potion of ambrosia {unknown}
 s - 2 potions of mutation {unknown}
 v - a potion of magic {unknown}


   Skills:
 + Level 3.1 Fighting
 + Level 3.2 Short Blades
 - Level 1.5 Dodging
 + Level 6.0 Stealth
 - Level 2.1 Spellcasting
 - Level 3.0 Hexes
 + Level 0.0 Invocations


You had 9 spell levels left.
You didn't know any spells.
Your spell library contained the following spells:

 Spells                   Type           Power      Damage    Failure   Level
 Ensorcelled Hibernation  Hex/Ice        12%        N/A       19%         2
 Confusing Touch          Hex            10%        N/A       19%         3
 Tukima's Dance           Hex            10%        N/A       19%         3
 Blink                    Tloc           2%         N/A       32%         2
 Lesser Beckoning         Tloc           2%         N/A       32%         2
 Momentum Strike          Conj/Tloc      2%         3d8       32%         2
 Dazzling Flash           Conj/Hex       12%        N/A       34%         3
 Stone Arrow              Conj/Erth      2%         3d7       54%         3
 Animate Armour           Summ/Erth      2%         N/A       91%         4
 Lehudib's Crystal Spear  Conj/Erth      0%         10d2      100%        8


Dungeon Overview and Level Annotations

Branches:
Dungeon (4/15)
 Temple: D:4-7

Altars:
Uskayaw

Shops:
D:1 !


Innate Abilities, Weirdness & Mutations

You have extremely sharp teeth.
Your natural rate of healing is unusually fast.
When hurt, damage is shared between your health and your magic reserves.
Your bite disrupts and absorbs the magic of your enemies.
Potions cannot restore your health.


Message History

The gnoll sergeant is moderately wounded.
The gnoll sergeant hits you with a +0 trident!
You are too injured to fight recklessly!
You are too injured to fight recklessly!
You are too injured to fight recklessly!
You are too injured to fight recklessly!
You completely miss the gnoll sergeant.
You bite the gnoll sergeant, but do no damage.
The gnoll sergeant is moderately wounded.
The gnoll sergeant hits you with a +0 trident!
You barely miss the gnoll sergeant.
You bite the gnoll sergeant, but do no damage.
The gnoll sergeant is heavily wounded.
You closely miss the gnoll sergeant. Your bite misses the gnoll sergeant.
The gnoll sergeant is heavily wounded.
The gnoll sergeant hits you with a +0 trident!
* * * LOW HITPOINT WARNING * * *
You hit the gnoll sergeant. Your bite misses the gnoll sergeant.
The gnoll sergeant is heavily wounded.
The gnoll sergeant closely misses you.
You hit the gnoll sergeant.
The gnoll sergeant looks even sicker.
Your bite misses the gnoll sergeant.
The gnoll sergeant is severely wounded.
The gnoll sergeant closely misses you.
You hit the gnoll sergeant but do no damage.
The gnoll sergeant looks as sick as possible!
Your bite misses the gnoll sergeant.
The gnoll sergeant is severely wounded.
The gnoll sergeant hits you with a +0 trident!
* * * LOW HITPOINT WARNING * * *
You hit the gnoll sergeant but do no damage.
The gnoll sergeant looks as sick as possible!
The gnoll sergeant is severely wounded.
The gnoll sergeant hits you with a +0 trident.
* * * LOW HITPOINT WARNING * * *
You barely miss the gnoll sergeant.
The gnoll sergeant is almost dead.
The gnoll sergeant hits you with a +0 trident!
You die...
Your body falls in perfect tune with the rhythm.

#.# ##.####........
#.####....'...⌠..<..
#.#....#..##........
#.#.##...####..#####
#.#.##......##.#...#
#.#.##..###<.#+###.#
#.....[.....##.# #..
#.g.##..###.##.# #>.
#..@........##.###..
##..##..###.##......
############..##....#.#######.
#.......^.....##.##.#.........
#.#########......##.#.........
#.## #..)#####.#..####### #..#
####.#### #.#..# # ##.#
#.......###.#..# # #.#
#.......##.#...# #


You could see a gnoll sergeant (extremely poisoned).

Vanquished Creatures
  An ogre (D:4)
  A howler monkey (D:4)
  5 adders
  2 dart slugs
  2 ribbon worms (D:2)
  9 orcs
  7 bats
  5 endoplasms
  4 giant cockroaches
  9 goblins
  4 hobgoblins
  9 kobolds
  6 quokkas
  5 ball pythons
  5 frilled lizards
  7 rats
81 creatures vanquished.

Notes
Turn   | Place    | Note
-------+----------+-------------------------------------------
     0 | D:1      | Bobbunny the Vine Stalker Enchanter began the quest for the
                  | Orb.
     0 | D:1      | Reached XP level 1. HP: 9/9 MP: 4/4
    29 | D:1      | Reached skill level 1 in Short Blades
   256 | D:1      | Reached XP level 2. HP: 14/14 MP: 6/6
   390 | D:1      | Found Omuu's Distillery.
   395 | D:1      | Reached skill level 4 in Stealth
   405 | D:1      | Reached skill level 1 in Fighting
   438 | D:1      | Bought a potion of curing for 42 gold pieces
   443 | D:1      | Found a faded altar of an unknown god.
   574 | D:1      | Reached XP level 3. HP: 18/18 MP: 7/7
  1159 | D:2      | Reached XP level 4. HP: 23/23 MP: 5/8
  1746 | D:3      | Found a hide-covered altar of Uskayaw.
  1750 | D:3      | Reached skill level 5 in Stealth
  1754 | D:3      | Became a worshipper of Uskayaw the Reveller
  1935 | D:3      | Reached * piety under Uskayaw
  1937 | D:3      | Reached XP level 5. HP: 26/26 MP: 9/9
  2408 | D:4      | Reached ** piety under Uskayaw
  2662 | D:4      | Noticed an ogre
  2667 | D:4      | Reached XP level 6. HP: 30/32 MP: 10/10
  2778 | D:4      | Reached skill level 6 in Stealth
  3148 | D:3      | Slain by a gnoll sergeant

Illustrated notes

Levels and vault maps discovered:
D:1:      dpeg_arrival_rooms_with_view, layout_loops_corners,
          chequers_ecumenical_altar_grove, serial_shops,
          nicolae_shop_industrial_runoff
D:2:      minmay_general_purpose_star, layout_basic
D:3:      layout_loops_ring, nicolae_uskayaw_murder_on_the_dancefloor,
          grunt_ministairs_15, reono_crystal_passage
D:4:      layout_loops_ring, lightli_minifort

Skill      XL: |  1  2  3  4  5  6 |
---------------+-------------------+-----
Short Blades   | 1 2 3 |  3.2
Stealth        | 4 5 6 |  6.0
Fighting       | 1 2 3 |  3.1
Dodging        | |  1.5
Spellcasting   | |  2.1
Hexes          | |  3.0

Action                     |  1- 3 |  4- 6 || total
---------------------------+-------+-------++-------
  Melee: Dagger            |    94 |   127 ||   221
         Bite              |    24 |    41 ||    65
   Stab: Sleeping          |     4 |     9 ||    13
 Armour: Robe              |    59 |    55 ||   114
  Dodge: Dodged            |    56 |    83 ||   139

Table legend: (Time is in decaauts)
 A = Elapsed time spent in this place.
 B = Non-inter-level travel time spent in this place.
 C = Inter-level travel time spent in this place.
 D = Time resting spent in this place.
 E = Time spent auto-exploring this place.
 F = Levels seen in this place.
 G = Mean time per level.
                   A        B        C        D        E       F      G
               +--------+--------+--------+--------+--------+-----+--------+
         Total |   3126 |   3036 |     90 |     46 |   2371 |   4 |  781.5 |
       Dungeon |   3126 |   3036 |     90 |     46 |   2371 |   4 |  781.5 |
               +--------+--------+--------+--------+--------+-----+--------+

Top non-repeatable levels by time:
     D:1: 967 daAuts
     D:2: 750 daAuts
     D:4: 739 daAuts
     D:3: 668 daAuts
